 Dungeon Crawl Stone Soup version 0.25.1-2-g60ff931df9 (webtiles) character file.

Game seed: 3435846882898708407

16687 Ivernyr the Frost Mage (level 12, -2/54 HPs)
             Began as a Vine Stalker Ice Elementalist on Oct 20, 2020.
             Was a High Priest of Sif Muna.
             Killed from afar by a tengu reaver (15 damage)
             ... with a bolt of acid
             ... on level 13 of the Dungeon.
             The game lasted 01:00:40 (12656 turns).

Ivernyr the Frost Mage (VSIE)                      Turns: 12656, Time: 01:00:40

Health: -2/54      AC:  8    Str: 12    XL:     12   Next: 40%
Magic:  0/35       EV: 20    Int: 19    God:    Sif Muna [*****.]
Gold:   627        SH:  0    Dex: 15    Spells: 8/29 levels left

rFire    + . .     SeeInvis .   y - +6 flail (holy)
rCold    + . .     Gourm    .   (no shield)
rNeg     . . .     Faith    .   a - +1 robe {rC+ rF+}
rPois    .         Spirit   +   (no helmet)
rElec    .         Reflect  .   U - +2 cloak
rCorr    .         Harm     .   F - +0 pair of gloves
MR       +....                  E - +0 pair of boots
Stlth    ++........             v - amulet of magic regeneration
HPRegen  0.98/turn              q - +4 ring of evasion
MPRegen  0.49/turn              w - ring of magical power

@: lethally poisoned (-2 -> -5), about to teleport, frozen ramparts
A: fangs 3, regeneration 2, magic shield, antimagic bite, no potion heal 3, rot
immunity
a: Channel Magic, Forget Spell, Divine Exegesis, Renounce Religion


You were on level 13 of the Dungeon.
You worshipped Sif Muna.
Sif Muna was extremely pleased with you.
You were not hungry.

You visited 1 branch of the dungeon, and saw 13 of its levels.
You visited the Abyss 2 times.
You also visited: Ossuary.

You collected 627 gold pieces.

Inventory:

Hand Weapons
 y - a +6 flail of holy wrath (weapon)
 R - the +3 rapier "Ratuora" {drain, rElec rPois Int+2 Dex+3}
   (You found it on level 11 of the Dungeon)

   A truly terrible weapon, it drains the life of those it strikes.
   It affects your intelligence (+2).
   It affects your dexterity (+3).
   It insulates you from electricity.
   It protects you from poison.
 W - the +3 mace "Omawoset" {holy, rC+}
   (You found it on level 1 of the Abyss)

   It has been blessed by the Shining One to cause great damage to the undead
   and demons.
   It protects you from cold.
Armour
 a - a +1 robe of resistance (worn)
 E - a +0 pair of boots (worn)
 F - a +0 pair of gloves (worn)
 T - a +0 buckler
 U - a +2 cloak (worn)
Jewellery
 d - an uncursed ring of flight
 h - an uncursed ring of protection from magic
 q - a +4 ring of evasion (left hand)
 v - an amulet of magic regeneration (around neck)
 w - a ring of magical power (right hand)
 C - an uncursed amulet of regeneration {unknown}
 O - a cursed ring of resist corrosion {unknown}
Wands
 n - a wand of polymorph (22)
 H - a wand of acid (5)
 K - a wand of paralysis (8)
 P - a wand of enslavement (11)
 Q - a wand of clouds (10)
 V - a wand of flame (29)
Scrolls
 b - 4 scrolls of teleportation
 g - 4 scrolls of identify
 i - a scroll of fear {unknown}
 j - 3 scrolls of enchant weapon {unknown}
 k - 3 scrolls of remove curse
 m - 5 scrolls of blinking {unknown}
 u - 3 scrolls of immolation {unknown}
 z - 4 scrolls of enchant armour {unknown}
 A - 2 scrolls of torment {unknown}
 I - a scroll of fog {unknown}
 L - 4 scrolls of random uselessness {unknown}
 M - 3 scrolls of amnesia {unknown}
 N - a scroll of vulnerability {unknown}
 Y - 3 scrolls of noise {unknown}
Potions
 e - a potion of berserk rage {unknown}
 f - a potion of ambrosia {unknown}
 l - 2 potions of stabbing {unknown}
 o - 2 potions of resistance {unknown}
 p - 2 potions of invisibility
 r - 5 potions of curing {unknown}
 s - 12 potions of degeneration
 t - 3 potions of heal wounds {unknown}
 x - 2 potions of might {unknown}
 D - a potion of brilliance {unknown}
 G - a potion of mutation {unknown}
 J - 2 potions of magic {unknown}
 S - a potion of lignification {unknown}
 X - a potion of cancellation {unknown}
Comestibles
 c - 20 rations
 B - 4 chunks of flesh


   Skills:
 - Level 2.0 Fighting
 - Level 6.6 Dodging
 - Level 2.4 Stealth
 + Level 4.1 Shields
 + Level 9.3 Spellcasting
 + Level 8.6 Conjurations
 + Level 10.2 Ice Magic
 + Level 8.5 Invocations


You had 8 spell levels left.
You knew the following spells:

 Your Spells              Type           Power        Failure   Level  Hunger
a - Freeze                Ice            ####         1%          1    None
b - Frozen Ramparts       Ice            #####.       1%          3    None
c - Ozocubu's Armour      Chrm/Ice       ####....     3%          3    None
d - Conjure Flame         Conj/Fire      ####....     4%          3    None
e - Hailstorm             Conj/Ice       #####...     1%          4    ###....
f - Metabolic Englaciati  Hex/Ice        ####......   26%         5    #####..
g - Blink                 Tloc           N/A          12%         2    None

Your spell library contained the following spells:

 Spells                   Type           Power        Failure   Level  Hunger
 Magic Dart               Conj           ####         1%          1    None
 Mephitic Cloud           Conj/Pois/Air  ###.....     8%          3    None
 Animate Skeleton         Necr           N/A          9%          1    None
 Pain                     Necr           #...         9%          1    None
 Summon Ice Beast         Ice/Summ       ####....     10%         4    ###....
 Call Imp                 Summ           #.......     12%         2    None
 Slow                     Hex            #.......     12%         2    None
 Confusing Touch          Hex            #.......     24%         3    None
 Gell's Gravitas          Tloc           #.........   24%         3    None
 Vampiric Draining        Necr           #.........   24%         3    None
 Animate Dead             Necr           N/A          63%         4    ###....
 Petrify                  Tmut/Erth      #.......     63%         4    ###....
 Agony                    Necr           #.......     92%         5    #####..
 Yara's Violent Unravell  Hex/Tmut       #.........   92%         5    #####..


Dungeon Overview and Level Annotations

Branches:
Dungeon (13/15)            Temple (0/1) D:5            Lair (0/6) D:11
    Orc (0/2) D:10        Ossuary (visited)
 Vaults: D:13-14

Altars:
Cheibriados
Fedhas
Gozag
Kikubaaqudgha
Makhleb
Ru
Sif Muna
Trog
Uskayaw
Vehumet
Xom
Zin
The Shining One

Shops:
D:6 [:=[   D:7 :

Annotations:
D:3 2 transporters, DogServant's ghost, amateur NaTm
D:5 exclusion: statue


Innate Abilities, Weirdness & Mutations

You have razor-sharp teeth.
You heal very quickly.
When hurt, damage is shared between your health and your magic reserves.
Your bite disrupts and absorbs the magic of your enemies.
Potions cannot restore your health.
You are immune to rotting.


Message History

The bolt of poison hits you!!
You are poisoned.
As you read the scroll of teleportation, it crumbles to dust.
You feel strangely unstable.
You feel sick.
The wall freezes the tengu warrior!
The tengu warrior hits you but does no damage.
The tengu warrior pecks you. The tengu warrior closely misses you.
The wall freezes the troll.
The wall freezes the tengu reaver!
The tengu reaver completely misses you. The tengu reaver closely misses you.
The tengu reaver claws you but does no damage.
Your icy armour cracks and falls away as you move.
You feel sick.
The wall freezes the tengu warrior!
The tengu warrior misses you.
The tengu warrior completely misses you.
The tengu warrior claws you!
* * * LOW HITPOINT WARNING * * *
The wall freezes the troll!
You feel sick.
The wall freezes the tengu reaver.
The tengu reaver points at you and mumbles some strange words.
The bolt of acid hits you!!
You die...

##########
#(.#..#..#
#..').'..#
##'####@##
#..#
#..#.###...
. #..#
#.Q#.......
.. ##'#
#Q##.......
... #..#


'T. ....... .... #..# .#..#....... .....#'########.......
....................... ...............<....... You could see a tengu reaver, a
tengu warrior and a troll.

Vanquished Creatures
  A yaktaur captain (D:13)
  A two-headed ogre (D:12)
  A thrashing horror (Abyss:1)
  Sonja (D:11)
  A wretched star (Abyss:1)
  An unseen horror (D:13)
  Pikel (D:8)
  4 large abominations (Abyss:1)
  2 cyclopes
  A worldbinder (Abyss:1)
  Psyche (D:9)
  2 centaur skeletons
  A komodo dragon (D:11)
  A tengu conjurer (D:11)
  3 hippogriffs
  A wraith (D:12)
  A vampire (D:12)
  2 basilisks (D:12)
  4 yaks (D:12)
  2 steam dragons
  2 hungry ghosts
  Menkaure (D:7)
  Edmund (D:6)
  A water moccasin (D:12)
  An acid dragon (D:12)
  Duvessa (D:6)
  2 ice beasts
  2 sky beasts
  3 phantoms
  5 ogres
  11 orc warriors
  A black bear (D:10)
  A necrophage (D:10)
  6 centaurs
  Blork the orc (D:6)
  3 big kobolds
  7 bullfrogs
  A gnoll sergeant (D:8)
  Dowan (D:6)
  8 scorpions
  5 killer bees (D:9)
  4 wights (D:6)
  5 howler monkeys
  2 crimson imps (D:10)
  3 jellies (D:9)
  A gnoll shaman (D:7)
  4 hounds
  6 orc priests
  14 orc wizards
  An iron imp (Abyss:1)
  3 iguanas
  Natasha (thrice) (D:2)
  9 worker ants
  A killer bee zombie (D:7)
  A big kobold zombie (Ossuary)
  A hound zombie (D:11)
  4 mummies
  18 gnolls
  11 adders
  A howler monkey skeleton (D:8)
  A river rat (D:5)
  A shadow imp (D:7)
  5 oozes (D:9)
  An adder skeleton (D:8)
  5 adder zombies (Ossuary)
  3 worms
  A dart slug (D:1)
  5 leopard geckos
  36 orcs
  3 bats (D:1)
  8 giant cockroaches
  6 goblins
  5 hobgoblins
  10 jackals
  21 kobolds
  6 quokkas
  2 ball pythons
  5 frilled lizards
  3 goblin zombies (Ossuary)
  3 hobgoblin zombies (Ossuary)
  4 kobold zombies
  4 rats
  4 rat zombies (Ossuary)
330 creatures vanquished.

Vanquished Creatures (others)
  4 slaves (D:8)
  An ogre (D:8)
  A howler monkey (D:8)
  A crimson imp (D:8)
  3 gnolls (D:8)
  An orc (D:8)
  A jackal skeleton (D:8)
  A plant (D:11)
13 creatures vanquished.

Grand Total: 343 creatures vanquished

Notes
Turn   | Place    | Note
-------+----------+-------------------------------------------
     0 | D:1      | Ivernyr the Vine Stalker Ice Elementalist began the quest
                  | for the Orb.
     0 | D:1      | Reached XP level 1. HP: 9/9 MP: 4/4
    65 | D:1      | Reached XP level 2. HP: 3/14 MP: 0/6
   546 | D:1      | Reached XP level 3. HP: 2/17 MP: 0/7
   551 | D:1      | Learned a level 3 spell: Frozen Ramparts
   555 | D:1      | Learned a level 3 spell: Ozocubu's Armour
  1468 | D:1      | Reached skill level 1 in Fighting
  1838 | D:2      | Gained mutation: Your natural rate of healing is unusually
                  | fast. [Vine Stalker growth]
  1838 | D:2      | Reached XP level 4. HP: 19/22 MP: 0/9
  2113 | D:2      | Found a bloodstained altar of Trog.
  2116 | D:2      | Noticed Natasha
  2127 | D:2      | Killed Natasha
  2178 | D:2      | Noticed Natasha
  2184 | D:2      | Killed Natasha
  2228 | D:2      | Noticed Natasha
  2240 | D:2      | Killed Natasha
  2240 | D:2      | Reached skill level 5 in Ice Magic
  2240 | D:2      | Reached XP level 5. HP: 19/25 MP: 5/10
  2966 | D:3      | Noticed DogServant's ghost (amateur NaTm)
  3398 | D:3      | Found a transporter.
  3399 | D:3      | Found a transporter.
  3716 | D:3      | Found a blossoming altar of Fedhas.
  3892 | D:4      | Found a glowing golden altar of the Shining One.
  4193 | D:4      | Found an ancient bone altar of Kikubaaqudgha.
  4195 | D:4      | Found a hide-covered altar of Uskayaw.
  4195 | D:4      | Found a glowing silver altar of Zin.
  4196 | D:4      | Found an opulent altar of Gozag.
  4197 | D:4      | Found a shimmering blue altar of Sif Muna.
  4200 | D:4      | Found a shimmering altar of Xom.
  4204 | D:4      | Became a worshipper of Sif Muna the Loreminder
  4328 | D:4      | Reached XP level 6. HP: 28/30 MP: 7/11
  4692 | D:5      | Entered Level 5 of the Dungeon
  4695 | D:5      | Found a burning altar of Makhleb.
  4716 | D:5      | Noticed an ice beast
  4898 | D:5      | Noticed an ice beast
  5163 | D:5      | Found a staircase to the Ecumenical Temple.
  5181 | D:5      | Learned a level 3 spell: Conjure Flame
  5200 | D:5      | Reached skill level 1 in Invocations
  5386 | D:5      | Found a radiant altar of Vehumet.
  5392 | D:5      | Reached skill level 1 in Conjurations
  5477 | D:5      | Reached XP level 7. HP: 29/35 MP: 13/13
  5516 | D:5      | Found a sacrificial altar of Ru.
  5843 | D:5      | HP: 1/35 [ice beast (4)]
  6176 | D:6      | Reached skill level 6 in Ice Magic
  6241 | D:6      | Gained mutation: You have razor-sharp teeth. [Vine Stalker
                  | growth]
  6241 | D:6      | Reached XP level 8. HP: 12/39 MP: 4/15
  6307 | D:6      | Found Wegogom's Antique Armour Shop.
  6309 | D:6      | Noticed Blork the orc
  6322 | D:6      | Killed Blork the orc
  6588 | D:6      | Found Sozuaxy's Jewellery Boutique.
  6623 | D:6      | Reached skill level 5 in Spellcasting
  6631 | D:6      | Found Fomioto's Antique Armour Boutique.
  6646 | D:6      | Reached * piety under Sif Muna
  6653 | D:6      | Learned a level 4 spell: Hailstorm
  6698 | D:6      | Found Jical's Book Emporium.
  6777 | D:6      | Reached skill level 7 in Ice Magic
  6777 | D:6      | Reached XP level 9. HP: 40/42 MP: 18/18
  6800 | D:6      | Noticed Dowan
  6802 | D:6      | Noticed Duvessa
  6810 | D:6      | Killed Duvessa
  6819 | D:6      | Killed Dowan
  6900 | D:6      | Found a snail-covered altar of Cheibriados.
  6919 | D:6      | Noticed Edmund
  6928 | D:6      | Killed Edmund
  7283 | D:7      | Noticed Menkaure
  7288 | D:7      | Killed Menkaure
  7340 | D:7      | Reached skill level 5 in Dodging
  7387 | D:7      | Reached skill level 5 in Invocations
  7388 | D:7      | Reached ** piety under Sif Muna
  7396 | D:7      | Reached skill level 5 in Conjurations
  7811 | D:7      | Found Ucedwuam's Book Emporium.
  7915 | D:8      | Noticed Pikel
  8029 | D:8      | Killed Pikel
  8029 | D:8      | Reached skill level 8 in Ice Magic
  8029 | D:8      | Reached XP level 10. HP: 34/46 MP: 18/21
  8162 | D:8      | Found a sand-covered staircase.
  8170 | Ossuary  | Entered an ossuary
  8196 | Ossuary  | Reached *** piety under Sif Muna
  8715 | D:9      | Noticed Psyche
  8723 | D:9      | Killed Psyche
  8881 | D:9      | Reached **** piety under Sif Muna
  9329 | D:9      | Learned a level 5 spell: Metabolic Englaciation
  9494 | D:10     | Entered Level 10 of the Dungeon
  9804 | D:10     | Reached XP level 11. HP: 50/50 MP: 23/23
  9987 | D:10     | Found a staircase to the Orcish Mines.
 10020 | D:10     | Reached skill level 9 in Ice Magic
 10350 | D:11     | Noticed Sonja
 10486 | D:11     | Found a staircase to the Lair.
 10522 | D:11     | Got a warped rapier
 10523 | D:11     | Identified the cursed +3 rapier "Ratuora" {drain, rElec
                  | rPois Int+2 Dex+3} (You found it on level 11 of the
                  | Dungeon)
 10634 | D:11     | Learned a level 2 spell: Blink
 10651 | D:11     | Reached ***** piety under Sif Muna
 10709 | D:11     | Cast into level 1 of the Abyss (Sonja)
 10779 | Abyss:1  | Noticed a large abomination
 10786 | Abyss:1  | Got a twisted mace
 10788 | Abyss:1  | Identified the +3 mace "Omawoset" {holy, rC+} (You found it
                  | on level 1 of the Abyss)
 10819 | Abyss:1  | Killed a large abomination
 10885 | Abyss:1  | Noticed a thrashing horror
 10976 | Abyss:1  | Noticed a worldbinder
 10982 | Abyss:1  | Noticed an orb spider
 10988 | Abyss:1  | Killed a worldbinder
 10988 | Abyss:1  | Reached skill level 1 in Shields
 11014 | Abyss:1  | Noticed a thrashing horror
 11030 | Abyss:1  | Received a gift from Sif Muna
 11049 | Abyss:1  | Noticed a sixfirhy
 11063 | Abyss:1  | Killed a thrashing horror
 11164 | Abyss:1  | Noticed a bone dragon
 11188 | Abyss:1  | Found a corrupted altar of Lugonu.
 11188 | Abyss:1  | Noticed a wretched star
 11199 | Abyss:1  | Noticed a large abomination
 11203 | Abyss:1  | Killed a wretched star
 11206 | Abyss:1  | Killed a large abomination
 11255 | D:11     | Escaped the Abyss
 11288 | D:11     | Cast into level 2 of the Abyss (Sonja)
 11290 | Abyss:2  | Found a corrupted altar of Lugonu.
 11320 | D:11     | Escaped the Abyss
 11324 | D:11     | Killed Sonja
 11366 | D:12     | Noticed a cyclops
 11471 | D:12     | Noticed a two-headed ogre
 11481 | D:12     | Killed a two-headed ogre
 11512 | D:12     | Got a heavy robe
 11523 | D:12     | Identified the cursed +0 robe of the Catamount {rElec rF-
                  | rN+++ MP-9} (You found it on level 12 of the Dungeon)
 11632 | D:12     | Gained mutation: You heal very quickly. [Vine Stalker
                  | growth]
 11632 | D:12     | Reached XP level 12. HP: 40/54 MP: 23/25
 11775 | D:12     | Reached skill level 10 in Ice Magic
 12527 | D:13     | Found a runed translucent door.
 12528 | D:13     | Noticed a yaktaur captain
 12539 | D:13     | Killed a yaktaur captain
 12649 | D:13     | Noticed a tengu warrior
 12650 | D:13     | Noticed a tengu reaver
 12656 | D:13     | Killed from afar by a tengu reaver

Illustrated notes

Levels and vault maps discovered:
D:1:      ncdulo_wetmaze, layout_basic, chequers_jeans
D:2:      layout_loops_ring, bloody_trog, first_ration, roderic_lattice_a,
          kennysheep_crisscross, uniq_natasha
D:3:      layout_basic, lemuel_coloured_pillars_altar, gammafunk_ghost_arena
D:4:      layout_loops_ring, lemuel_crystal_altar, minitemple,
          kennysheep_cross_bottleneck, minivault_27
D:5:      layout_rooms, vehumet_statue, bloody_makhleb, nicolae_ru_awakened_eye,
          minmay_temple_entry_offerings, portal_sewer_entry_b
D:6:      layout_basic, cheibrodos_worm_habitat, serial_shops, shop_fountains,
          shop_statue, nicolae_shop_window_shopping, shop_fountains,
          uniq_blork_the_orc, uniq_duvessa, uniq_edmund
D:7:      layout_basic, serial_shops, shop_fountains, uniq_menkaure
D:8:      lemuel_ice_spiral_2, layout_rooms, nicolae_ossuary_entry_giza,
          uniq_pikel
D:9:      layout_rooms, hangedman_little_slice_of_home, grunt_ministairs_9,
          chequers_serial_rivers_small_a, uniq_psyche
D:10:     layout_roguey, orc_0_dummy
D:11:     layout_rooms, david_lair_shrubbed, uniq_sonja
D:12:     layout_loops_ring, enter_bailey_7
D:13:     layout_big_octagon, minivault_13

Skill      XL: |  1  2  3  4  5  6  7  8  9 10 11 12 |
---------------+-------------------------------------+-----
Dodging        | 2 3 4 5 6 |  6.6
Fighting       | 1 2 |  2.0
Spellcasting   | 3 4 5 6 7 8 9 |  9.3
Ice Magic      | 5 6 7 8 9 10 | 10.2
Invocations    | 1 2 4 5 6 8 |  8.5
Conjurations   | 1 2 4 5 6 8 |  8.6
Shields        | 3 4 |  4.1
Stealth        | |  2.4

Action                   |  1- 3 |  4- 6 |  7- 9 | 10-12 || total
-------------------------+-------+-------+-------+-------++-------
Melee: Unarmed           |    32 |    14 |       |       ||    46
       Bite              |     8 |     6 |    57 |    95 ||   166
       Morningstar       |       |     6 |       |       ||     6
       Whip              |       |    11 |   104 |       ||   115
       Long sword        |       |       |    39 |       ||    39
       Flail             |       |       |    87 |   284 ||   371
       Rapier            |       |       |       |    63 ||    63
 Cast: Freeze            |    39 |    67 |    17 |    29 ||   152
       Frozen Ramparts   |       |     6 |    28 |    57 ||    91
       Conjure Flame     |       |       |     1 |     1 ||     2
       Ozocubu's Armour  |       |       |     2 |     7 ||     9
       Hailstorm         |       |       |       |     2 ||     2
  Use: Scroll            |       |     3 |       |     8 ||    11
 Stab: Sleeping          |     2 |     2 |     2 |     6 ||    12
  Eat: Chunk             |     3 |    11 |     8 |    21 ||    43
       Ration            |       |       |     1 |       ||     1
Armor: Robe              |     4 |     9 |    32 |    82 ||   127
Dodge: Dodged            |    41 |    74 |   216 |   506 ||   837
       Rpst.: Long sword |       |       |    10 |       ||    10
